 Dungeon Crawl Stone Soup version 0.28.0-62-gf88900778d (webtiles) character file.

Game seed: 13471471389731911184

11060 cbfl8 the Protected (level 11, -1/151 HPs)
             Began as a Minotaur Berserker on Apr 20, 2023.
             Was an Elder of Trog.
             Slain by a reaper
             ... wielding a +2 vorpal scythe
              (12 damage)
             ... on level 1 of the Abyss.
             The game lasted 00:13:20 (18849 turns).

cbfl8 the Protected (Minotaur Berserker)           Turns: 18849, Time: 00:13:21

Health: -1/151     AC: 14    Str: 26    XL:     11   Next: 44%
Magic:  10/10      EV: 12    Int:  4    God:    Trog [****..]
Gold:   657        SH:  5    Dex: 16    Spells: 10/10 levels left

rFire   + . .      SeeInvis .   y - +0 war axe (vorpal)
rCold   . . .      Faith    .   g - +0 buckler
rNeg    + . .      Spirit   .   x - +0 chain mail {rF+}
rPois   .          Reflect  .   (helmet restricted)
rElec   .          Harm     .   (no cloak)
rCorr   .          Rampage  .   j - +0 pair of gloves
Will    +....                   (no boots)
Stlth   ..........              (no amulet)
HPRegen 0.35/turn               t - ring of Spontaneous Combustion {rN+ Will+ Str-3 Dex+3}
MPRegen 0.12/turn               A - +6 ring of strength

@: berserking, about to teleport, very quick
A: horns 2, retaliatory headbutt
a: Renounce Religion, Berserk, Trog's Hand, Brothers in Arms


You were on level 1 of the Abyss.
You worshipped Trog.
Trog was greatly pleased with you.
You visited 1 branch of the dungeon, and saw 12 of its levels.
You visited the Abyss 1 time.

You collected 657 gold pieces.

Inventory:

Hand Weapons
 y - a +0 vorpal war axe (weapon)
Armour
 g - a +0 buckler (worn)
 j - a +0 pair of gloves (worn)
 x - a +0 chain mail of fire resistance (worn)
Jewellery
 t - the ring of Spontaneous Combustion (left hand) {rN+ Will+ Str-3 Dex+3}
   (You found it on level 5 of the Dungeon)

   [ring of willpower]

   Str:       It affects your strength (-3).
   Dex:       It affects your dexterity (+3).
   rN:        It protects you from negative energy.
   Will:      It increases your willpower.
 A - a +6 ring of strength (right hand)
Wands
 o - a wand of iceblast (17) (quivered)
 v - a wand of charming (4)
 w - a wand of digging (7)
 D - a wand of flame (7)
Scrolls
 a - 4 scrolls of identify
 c - 4 scrolls of immolation
 e - 2 scrolls of enchant armour
 f - 2 scrolls of noise
 i - 3 scrolls of teleportation
 k - a scroll of fog
 n - 4 scrolls of enchant weapon
 q - 3 scrolls of holy word
 u - 3 scrolls of fear
 z - a scroll of silence
 B - a scroll of summoning
 E - 2 scrolls of blinking
Potions
 b - 4 potions of curing {unknown}
 d - 3 potions of resistance {unknown}
 h - 2 potions of heal wounds {unknown}
 l - 4 potions of flight {unknown}
 m - 4 potions of brilliance {unknown}
 p - 2 potions of mutation {unknown}
 r - 4 potions of degeneration {unknown}
 s - 6 potions of attraction {unknown}
 C - a potion of lignification {unknown}
 F - a potion of might {unknown}


   Skills:
 * Level 10.8 Fighting
 + Level 10.2 Axes
 * Level 12.3 Armour
 * Level 7.2 Dodging
 + Level 1.2 Stealth
 + Level 3.4 Shields
 * Level 6.0 Evocations


You had 10 spell levels left.
You didn't know any spells.
Your spell library was empty.

Dungeon Overview and Level Annotations

Branches:
Dungeon (12/15)            Temple (0/1) D:6            Lair (0/6) D:9
    Orc: D:9-12

Altars:
Elyvilon
Fedhas
Gozag
Hepliaklqana
Qazlal
Ru
Sif Muna
Vehumet
Xom
Zin
The Shining One

Annotations:
D:11 1 runed translucent door, GigaChad's ghost, journeyman MiGl


Innate Abilities, Weirdness & Mutations

You have a pair of horns on your head.
You reflexively headbutt those who attack you in melee.


Message History

The orc sorcerer closely misses you. You furiously retaliate!
You headbutt the orc sorcerer!
You kill the orc sorcerer!
That felt strangely unrewarding.
An air elemental comes into view.
The neqoxec gestures at you.
Something tries to feed on your intellect!
The reaper draws a finger across its throat.
The reaper hits you with a +2 vorpal scythe!!!
* * * LOW HITPOINT WARNING * * *
Things that are here:
a +0 dagger; a +0 robe; an orc corpse You are too injured to fight recklessly!
Unknown command.
You are too injured to fight recklessly!
Unknown command.
You are too injured to fight recklessly!
Unknown command.
You are too injured to fight recklessly!
You closely miss the reaper. Your headbutt misses the reaper.
The reaper hits you with a +2 vorpal scythe!
* * * LOW HITPOINT WARNING * * *
x2 You slash the reaper!
The reaper is moderately wounded.
You hit the reaper. You headbutt the reaper!
The reaper is heavily wounded.
The neqoxec gestures at you.
Something tries to feed on your intellect!
The reaper hits you with a +2 vorpal scythe!
* * * LOW HITPOINT WARNING * * *
x2 You slash the reaper!
You headbutt the reaper.
The reaper is severely wounded.
The air elemental fires a burst of electricity at you.
The stunning burst misses you. You block the reaper's attack.
You slash the reaper!
The reaper is almost dead.
The air elemental misses you. You furiously retaliate!
You headbutt the air elemental!
The reaper hits you with a +2 vorpal scythe!
You die...

#.. .. # #.. .. .#
#.##.##...#. #.
##....##....#. ##
#......##..... ..#
#####......3##..
#.
#......#...####.#.
# ..#....§. ...# #
# #....#.E# .#.##.
#.. ##...@#.##..#
# .# ...####.2..#.
#.# #.# ##.
#..#.....## # ..
#.......##§# #.
#.##......... .
##. .. .. #
#.###..##..# . ..#
..# .# .. . ##


You could see a reaper, an air elemental and a neqoxec.

Vanquished Creatures
  A boulder beetle (D:11)
  A two-headed ogre (D:12)
  A centaur warrior (D:12)
  2 deep elf pyromancers
  An orc sorcerer (Abyss:1)
  A gargoyle (D:12)
  A smoke demon (Abyss:1)
  2 trolls
  2 hornets
  3 slime creatures (D:12)
  9 yaks
  A wraith (D:10)
  A steam dragon (D:9)
  A small abomination (Abyss:1)
  Edmund (D:6)
  A water moccasin (D:6)
  10 orc warriors
  An ice beast (D:5)
  A black bear (D:4)
  3 necrophages
  3 centaurs
  5 ogres
  9 kobold brigands
  A bullfrog (D:8)
  A gnoll sergeant (D:11)
  A scorpion (D:4)
  A water moccasin zombie (D:10)
  4 howler monkeys
  5 wights (D:6)
  5 electric eels
  3 centaur zombies
  4 hounds
  3 jellies
  5 orc priests
  A bullfrog skeleton (D:5)
  10 orc wizards
  6 iguanas
  A howler monkey zombie (D:7)
  4 adders
  8 gnolls
  A howler monkey skeleton (D:5)
  2 white imps
  An ufetubus (D:5)
  An adder skeleton (D:4)
  A dart slug (D:3)
  48 orcs
  9 endoplasms
  3 giant cockroaches
  A goblin (D:2)
  11 hobgoblins
  2 jackals (D:1)
  34 kobolds
  4 quokkas
  5 ball pythons
  6 bats
  3 frilled lizards
  A quokka skeleton (D:4)
  5 rats
262 creatures vanquished.

Vanquished Creatures (others)
  A kobold (D:9)
  2 plants (D:11)
3 creatures vanquished.

Grand Total: 265 creatures vanquished

Notes
Turn   | Place    | Note
-------+----------+-------------------------------------------
     0 | D:1      | cbfl8 the Minotaur Berserker began the quest for the Orb.
     0 | D:1      | Reached XP level 1. HP: 19/19 MP: 0/0
   222 | D:1      | Reached XP level 2. HP: 27/27 MP: 1/1
  1198 | D:2      | Reached XP level 3. HP: 33/34 MP: 2/2
  1225 | D:2      | Found a stormy altar of Qazlal.
  1230 | D:2      | Reached ** piety under Trog
  1963 | D:2      | Reached skill level 3 in Armour
  1965 | D:2      | Found a faded altar of an unknown god.
  2094 | D:2      | Reached XP level 4. HP: 28/41 MP: 3/3
  2930 | D:3      | Reached skill level 4 in Armour
  3222 | D:3      | You fall into a shaft and drop 1 floor!
  3253 | D:4      | Noticed a scorpion
  3259 | D:4      | Killed a scorpion
  3260 | D:4      | Reached skill level 1 in Evocations
  3260 | D:4      | Reached XP level 5. HP: 47/47 MP: 4/4
  3751 | D:4      | Noticed a black bear
  3759 | D:4      | Killed a black bear
  3760 | D:4      | Reached skill level 5 in Fighting
  3760 | D:4      | Reached XP level 6. HP: 56/56 MP: 5/5
  3882 | D:4      | Reached skill level 5 in Armour
  4158 | D:4      | Found a blossoming altar of Fedhas.
  4322 | D:5      | Entered Level 5 of the Dungeon
  4797 | D:5      | Noticed an ice beast
  4803 | D:5      | Killed an ice beast
  4804 | D:5      | Reached skill level 5 in Axes
  4804 | D:5      | Reached XP level 7. HP: 61/61 MP: 6/6
  4905 | D:5      | Reached skill level 6 in Armour
  4965 | D:5      | Identified the ring of Spontaneous Combustion {rN+ Will+
                  | Str-3 Dex+3}
  5793 | D:6      | Found an opulent altar of Gozag.
  5830 | D:6      | Reached skill level 7 in Armour
  5860 | D:6      | Reached XP level 8. HP: 67/70 MP: 7/7
  5872 | D:6      | Reached *** piety under Trog
  6122 | D:6      | Found a glowing golden altar of the Shining One.
  6142 | D:6      | Found a shimmering altar of Xom.
  6142 | D:6      | Found a sacrificial altar of Ru.
  6142 | D:6      | Found a stormy altar of Qazlal.
  6385 | D:6      | Found a shimmering blue altar of Sif Muna.
  6472 | D:6      | Reached skill level 1 in Shields
  6675 | D:6      | Noticed Edmund
  6690 | D:6      | Killed Edmund
  7132 | D:6      | Found a staircase to the Ecumenical Temple.
  7699 | D:7      | Reached skill level 5 in Dodging
  7699 | D:7      | Reached XP level 9. HP: 52/80 MP: 8/8
  8915 | D:7      | Reached skill level 8 in Armour
  9153 | D:7      | Paralysed by a hornet for 3 turns
  9158 | D:7      | Paralysed by a hornet for 1 turns
  9884 | D:8      | Identified the ring of Jyetoley {rCorr AC+4 Str+4 Int-4}
 10022 | D:8      | Noticed a deep elf pyromancer
 10034 | D:8      | Killed a deep elf pyromancer
 10686 | D:8      | Reached **** piety under Trog
 10687 | D:8      | Reached skill level 9 in Armour
 10701 | D:8      | Reached XP level 10. HP: 42/91 MP: 9/9
 12527 | D:9      | Paralysed by a hornet for 3 turns
 12533 | D:9      | Reached skill level 10 in Armour
 12733 | D:9      | Found a staircase to the Lair.
 13694 | D:10     | Entered Level 10 of the Dungeon
 13783 | D:10     | Reached skill level 1 in Stealth
 14209 | D:10     | Found a white marble altar of Elyvilon.
 14360 | D:10     | Found a glowing silver altar of Zin.
 14812 | D:10     | Found a hazy altar of Hepliaklqana.
 15110 | D:11     | Noticed a boulder beetle
 15124 | D:11     | Reached skill level 5 in Evocations
 15184 | D:11     | Killed a boulder beetle
 15185 | D:11     | Reached skill level 10 in Fighting
 15185 | D:11     | Reached skill level 11 in Armour
 15607 | D:11     | Noticed GigaChad's ghost (journeyman MiGl)
 15612 | D:11     | Found a runed translucent door.
 16366 | D:12     | Noticed a gargoyle
 16374 | D:12     | Killed a gargoyle
 16375 | D:12     | Reached XP level 11. HP: 72/100 MP: 10/10
 16858 | D:12     | Noticed a centaur warrior
 17672 | D:12     | Killed a centaur warrior
 17673 | D:12     | Reached skill level 12 in Armour
 18003 | D:12     | Reached skill level 10 in Axes
 18188 | D:12     | Found a radiant altar of Vehumet.
 18193 | D:12     | Noticed a deep elf pyromancer
 18211 | D:12     | Killed a deep elf pyromancer
 18713 | D:12     | Noticed a two-headed ogre
 18720 | D:12     | Killed a two-headed ogre
 18752 | D:12     | Cast into level 1 of the Abyss (gnoll)
 18828 | Abyss:1  | Noticed an orc sorcerer
 18829 | Abyss:1  | Noticed a reaper
 18843 | Abyss:1  | Killed an orc sorcerer
 18849 | Abyss:1  | Slain by a reaper

Illustrated notes

Levels and vault maps discovered:
D:1:      minmay_arrival_cross, layout_basic
D:2:      layout_loops_ring, basic_altar, shapermc_ecumenical_altar_ellora
D:3:      layout_rooms, kennysheep_generic_room_7
D:4:      layout_basic, mainiacjoe_overflow_alcove_2, serial_rivers,
          chequers_serial_rivers_micro_c, chequers_serial_rivers_room_b,
          chequers_serial_rivers_room_a, chequers_serial_rivers_micro_d,
          chequers_serial_rivers_small_b, chequers_serial_rivers_room_b
D:5:      layout_rooms, minmay_crossroads
D:6:      layout_basic, led_sif_pool, gammafunk_temple_overflow_forgotten,
          minmay_temple_entry_poolview, hangedman_feature_mirror, uniq_edmund
D:7:      layout_layer_cave
D:8:      layout_loops_cross, serial_rivers, chequers_serial_rivers_small_a,
          chequers_serial_rivers_large_a, chequers_serial_rivers_micro_b,
          chequers_serial_rivers_small_3, chequers_serial_rivers_small_b,
          chequers_serial_rivers_micro_c
D:9:      layout_basic, lair_entry_dummy
D:10:     layout_basic, mainiacjoe_overflow_chevrons,
          nicolae_elyvilon_peaceful_grove, nicolae_overflow_crystal_walls
D:11:     layout_basic, hellmonk_ghost_big_iron,
          eino_small_chamber_without_monster
D:12:     layout_roguey, kennysheep_orc_monster_closet_entryway,
          vehumet_crystals
Abyss:1:  base:
D:10

Skill      XL: |  1  2  3  4  5  6  7  8  9 10 11 |
---------------+----------------------------------+-----
Fighting       | 4 5 6 7 9 10 | 10.8
Axes           | 4 5 7 8 9 10 | 10.2
Armour         | 3 4 5 7 9 11 12 | 12.3
Evocations     | 1 2 3 4 5 6 |  6.0
Dodging        | 3 4 5 6 7 |  7.2
Shields        | 1 2 3 |  3.4
Stealth        | 1 |  1.2

Action                   |  1- 3 |  4- 6 |  7- 9 | 10-12 || total
-------------------------+-------+-------+-------+-------++-------
Melee: Hand axe          |    88 |   119 |   318 |   219 ||   744
       Headbutt          |    12 |    16 |    78 |    76 ||   182
       War axe           |       |       |       |   109 ||   109
Invok: Berserk           |     1 |     4 |     7 |    10 ||    22
       Trog's Hand       |       |       |       |     1 ||     1
Evoke: Wand              |       |       |       |    11 ||    11
  Use: Scroll            |       |       |     6 |    10 ||    16
Armor: Ring mail         |    24 |    36 |    39 |       ||    99
       Chain mail        |       |       |    94 |   101 ||   195
Dodge: Dodged            |    56 |    62 |   145 |   148 ||   411
Block: Buckler           |     1 |    15 |    56 |    70 ||   142
